 Dungeon Crawl Stone Soup version 0.29-a0-25-g7f48f510a0 (webtiles) character file.

Game seed: 11460900225162816131

154 horus123 the Conjurer (level 5, -7/28 HPs)
             Began as a Deep Elf Hedge Wizard on Feb 1, 2022.
             Mangled by Sigmund (12 damage)
             ... on level 3 of the Dungeon.
             The game lasted 00:05:06 (2644 turns).

horus123 the Conjurer (Deep Elf Hedge Wizard)       Turns: 2644, Time: 00:05:07

Health: -7/28      AC:  6    Str:  2    XL:     5   Next: 13%
Magic:  14/14      EV: 12    Int: 21    God:
Gold:   111        SH:  0    Dex: 14    Spells: 2/14 levels left

rFire   . . .      SeeInvis .   m - +7 dagger "Jusumump" {vorpal, +Blink rC+ Str-5}
rCold   + . .      Faith    .   (no shield)
rNeg    . . .      Spirit   .   b - +0 robe
rPois   .          Reflect  .   (helmet restricted)
rElec   .          Harm     .   (no cloak)
rCorr   .          Rampage  .   (no gloves)
Will    .....                   k - +1 pair of boots
Stlth   ++........              (no amulet)
HPRegen 0.09/turn               (no ring)
MPRegen 0.14/turn               (no ring)

@: unable to read
A: antennae 1, iridescent scales 1, inability to read while threatened
a: Evoke Blink


You were on level 3 of the Dungeon.
You visited 1 branch of the dungeon, and saw 3 of its levels.

You collected 111 gold pieces.

Inventory:

Hand Weapons
 a - a +0 dagger
 m - the +7 dagger "Jusumump" (weapon) {vorpal, +Blink rC+ Str-5}
   (You found it on level 3 of the Dungeon)

   It inflicts extra damage upon your enemies.
   Str:       It affects your strength (-5).
   rC:        It protects you from cold.
   +Blink:    It lets you blink.
Armour
 b - a +0 robe (worn)
 f - a +2 helmet
 k - a +1 pair of boots (worn)
Wands
 j - a wand of flame (26)
Scrolls
 l - a scroll of noise {unknown}
Potions
 e - a potion of haste
 i - a potion of magic {unknown}


   Skills:
 - Level 2.4 Dodging
 - Level 2.4 Stealth
 - Level 5.0 Spellcasting
 + Level 5.2 Conjurations
 - Level 1.1 Summonings
 - Level 1.1 Translocations


You had 2 spell levels left.
You knew the following spells:

 Your Spells              Type           Power      Damage    Failure   Level
a - Magic Dart            Conj           100%       1d8       1%          1
b - Call Imp              Summ           9%         N/A       11%         2
c - Slow                  Hex            20%        N/A       11%         1
d - Blink                 Tloc           18%        N/A       11%         2
e - Conjure Flame         Conj/Fire      16%        6-21      11%         3
f - Mephitic Cloud        Conj/Pois/Air  12%        N/A       16%         3

Your spell library contained the following spells:

 Spells                   Type           Power      Damage    Failure   Level
 Sublimation of Blood     Necr           5%         N/A       16%         2
 Petrify                  Tmut/Erth      5%         N/A       71%         4
 Irradiate                Conj/Tmut      8%         3d16      71%         5


Dungeon Overview and Level Annotations

Branches:
Dungeon (3/15)

Altars:

Annotations:
D:3 Sigmund


Innate Abilities, Weirdness & Mutations

You have a pair of small antennae on your head.
You are partially covered in iridescent scales. (AC +2)
You sometimes lose the ability to read scrolls when taking damage.


Message History

* * * LOW HITPOINT WARNING * * *
You feel very sick.
It was a potion of heal wounds.
You feel much better.
You feel sick.
It was a potion of attraction.
You feel attractive to monsters.
You feel sick.
It was a potion of mutation.
You feel extremely strange.
Iridescent scales grow over part of your body.
You lose the ability to read scrolls when threatened.
A pair of antennae grows on your head!
Your +2 helmet falls away!
You feel sick.
It was a potion of curing.
You feel better.
There are no items here.
You hear the slow rusting of a very distant drain.
Your extra speed is starting to run out.
You feel yourself slow down.
HP restored.
You feel less attractive to monsters.
You open the door.
Sigmund and a quokka come into view.
Sigmund shouts!
You barely miss the quokka.
The quokka bites you but does no damage.
Sigmund gestures wildly while chanting.
Sigmund flickers and vanishes!
Deactivating autopickup; reactivate with Ctrl-A.
You barely miss the quokka. The quokka bites you.
You hit the quokka.
You kill the quokka!
Something hits you.
You feel threatened and lose the ability to read scrolls!
You can read scrolls again.
There is an open door here.
You hit something but do no damage. Something hits you.
You feel threatened and lose the ability to read scrolls!
You closely miss something. Something hits you!
* * * LOW HITPOINT WARNING * * *
You hit something but do no damage. You miss something. Something hits you!
You die...

.# #.............# .# .#
#.###########.# .#
.#####...........#.########.#####
<..........†..........†..........
.#.###.#.####..#.#.####.###.#####
.#...#.#.......#.#.####.# .#
####.#.######.##.#......# .#
.......##.....##.######## .#
###.#####.######@# .# ..#
#.....{.# .# #.# #.###...# .# ..#
#...# ....# #...# .†.... .....
##..## ...## ..# ###.# ##


There were no monsters in sight!

Vanquished Creatures
  A scorpion (D:3)
  Terence (D:2)
  An adder (D:2)
  A worm (D:2)
  2 dart slugs
  6 ball pythons
  5 endoplasms
  A giant cockroach (D:2)
  5 goblins
  3 hobgoblins
  7 jackals
  3 quokkas
  4 bats
  4 frilled lizards
  2 kobolds (D:1)
  5 rats
51 creatures vanquished.

Notes
Turn   | Place    | Note
-------+----------+-------------------------------------------
     0 | D:1      | horus123 the Deep Elf Hedge Wizard began the quest for the
                  | Orb.
     0 | D:1      | Reached XP level 1. HP: 10/10 MP: 7/7
    89 | D:1      | Found a faded altar of an unknown god.
   106 | D:1      | Reached skill level 5 in Spellcasting
   185 | D:1      | Reached XP level 2. HP: 15/15 MP: 2/10
   252 | D:1      | Learned a level 2 spell: Call Imp
   760 | D:1      | Reached XP level 3. HP: 12/19 MP: 5/11
  1667 | D:2      | Noticed Terence
  1687 | D:2      | Killed Terence
  1688 | D:2      | Reached XP level 4. HP: 24/24 MP: 2/13
  1903 | D:2      | Learned a level 1 spell: Slow
  1906 | D:2      | Learned a level 2 spell: Blink
  1910 | D:2      | Learned a level 3 spell: Conjure Flame
  1914 | D:2      | Learned a level 3 spell: Mephitic Cloud
  2456 | D:3      | Identified the +7 dagger "Jusumump" {vorpal, +Blink rC+
                  | Str-5}
  2570 | D:3      | Noticed a scorpion
  2579 | D:3      | Killed a scorpion
  2580 | D:3      | Reached skill level 5 in Conjurations
  2580 | D:3      | Reached XP level 5. HP: 6/28 MP: 14/14
  2583 | D:3      | Gained mutation: You are partially covered in iridescent
                  | scales. (AC +2) [potion of mutation]
  2583 | D:3      | Gained mutation: You sometimes lose the ability to read
                  | scrolls when taking damage. [potion of mutation]
  2583 | D:3      | Gained mutation: You have a pair of small antennae on your
                  | head. [potion of mutation]
  2636 | D:3      | Noticed Sigmund
  2644 | D:3      | Mangled by Sigmund

Illustrated notes

Levels and vault maps discovered:
D:1:      nicolae_arrival_washed_ashore, layout_rooms,
          ebering_ecumenical_altar_webs, hex_medium, minmay_small_reverse_x
D:2:      layout_basic, minmay_hexomino_u4, uniq_terence
D:3:      layout_basic, cheibrodos_sewer_entry_bend, uniq_robin, uniq_sigmund,
          uniq_pargi

Skill      XL: |  1  2  3  4 |
---------------+-------------+-----
Spellcasting   | 5 |  5.0
Conjurations   | 2 4 5 |  5.2
Dodging        | |  2.4
Stealth        | |  2.4
Summonings     | |  1.1
Translocations | |  1.1

Action                   |  1- 3 |  4- 6 || total
-------------------------+-------+-------++-------
Melee: Dagger            |       |    10 ||    10
 Cast: Magic Dart        |   100 |    20 ||   120
       Call Imp          |     1 |       ||     1
  Use: Scroll            |     5 |     1 ||     6
       Potion            |       |     5 ||     5
Armor: Robe              |     3 |     2 ||     5
Dodge: Dodged            |    17 |     4 ||    21

Table legend: (Time is in decaauts)
 A = Elapsed time spent in this place.
 B = Non-inter-level travel time spent in this place.
 C = Inter-level travel time spent in this place.
 D = Time resting spent in this place.
 E = Time spent auto-exploring this place.
 F = Levels seen in this place.
 G = Mean time per level.
                   A        B        C        D        E       F      G
               +--------+--------+--------+--------+--------+-----+--------+
         Total |   2628 |   2597 |     31 |    337 |   1926 |   3 |  876.0 |
       Dungeon |   2628 |   2597 |     31 |    337 |   1926 |   3 |  876.0 |
               +--------+--------+--------+--------+--------+-----+--------+

Top non-repeatable levels by time:
     D:2: 1270 daAuts
     D:1: 1127 daAuts
     D:3: 230 daAuts
